 Dungeon Crawl Stone Soup version 0.30.0-17-ge0270778cf (webtiles) character file.

Game seed: 161505945786433980

2291 browni3141 the Merchant of Misery (level 9, -2/65 HPs)
             Began as a Mummy Summoner on May 21, 2023.
             Was a Believer of Kikubaaqudgha.
             Killed by an exploding themself (37 damage)
             ... ignited by their inner flame
             ... on level 7 of the Dungeon.
             The game lasted 00:11:40 (7539 turns).

browni3141 the Merchant of Misery (Mummy Summoner)  Turns: 7539, Time: 00:11:40

Health: -2/65      AC: 13    Str: 12    XL:     9   Next: 17%
Magic:  16/21      EV: 11    Int: 18    God:    Kikubaaqudgha [**....]
Gold:   25         SH:  0    Dex: 12    Spells: 2/24 levels left

rFire   x . .        Z - +5 short sword (protect)
rCold   + + .        (no shield)
rNeg    + + +        U - +0 leather armour
rPois   ∞            (no helmet)
rElec   .            O - +0 cloak
rCorr   .            (no gloves)
SInv    .            X - +1 pair of boots
Will    +....        (no amulet)
Stlth   +            I - ring of protection from cold
HPRegen 0.30/turn    (no ring)
MPRegen 0.17/turn

%: faith
@: under a protective aura, studying Shields
A: cold resistance 1, negative energy resistance 3, torment resistance 2, heat
vulnerability 1, in touch with death 1, no potions, faith
a: Renounce Religion, Unearth Wretches


You were on level 7 of the Dungeon.
You worshipped Kikubaaqudgha.
Kikubaaqudgha was pleased with you.
You visited 2 branches of the dungeon, and saw 8 of its levels.

You collected 438 gold pieces.
You spent 413 gold pieces at shops.

Inventory:

Hand Weapons
 b - a +0 whip
 Y - a +0 heavy hand axe
 Z - a +5 short sword of protection (weapon)
Missiles
 J - 11 poisoned darts
 L - 2 boomerangs of dispersal
 T - 10 boomerangs
Armour
 a - a +0 robe
 O - a +0 cloak (worn)
 U - a +0 leather armour (worn)
 X - a +1 pair of boots (worn)
Jewellery
 I - a ring of protection from cold (left hand)
Wands
 H - a wand of mindburst (10)
 P - a wand of roots (6)
Scrolls
 F - a scroll of fog
 G - a scroll of magic mapping
 K - 3 scrolls of noise
 M - 3 scrolls of teleportation
 N - a scroll of poison
 Q - 2 scrolls of enchant armour {unknown}
 R - a scroll of summoning
 S - 2 scrolls of blinking
 V - a scroll of enchant weapon
 W - 2 scrolls of amnesia {unknown}


   Skills:
 + Level 4.0 Fighting
 - Level 1.5 Dodging
 - Level 1.5 Stealth
 + Level 8.2 Spellcasting
 * Level 4.4 Summonings
 * Level 8.3 Necromancy
 + Level 0.0 Translocations
 + Level 1.9 Evocations


You had 2 spell levels left.
You knew the following spells:

 Your Spells              Type           Power      Damage    Failure   Level
a - Call Canine Familiar  Summ           23%        N/A       6%          3
d - Animate Dead          Necr           54%        N/A       4%          4
g - Summon Guardian Gole  Hex/Summ       15%        N/A       14%         3
l - Summon Lightning Spi  Summ/Air       15%        N/A       43%         4
v - Vampiric Draining     Necr           54%        2d9       1%          3
x - Call Imp              Summ           46%        N/A       3%          2
z - Summon Small Mammal   Summ           92%        N/A       1%          1
B - Blink                 Tloc           14%        N/A       19%         2

Your spell library contained the following spells:

 Spells                   Type           Power      Damage    Failure   Level
 Necrotise                Necr           100%       1d9       1%          1
 Kiss of Death            Conj/Necr      100%       2d13      2%          1
 Manifold Assault         Tloc           7%         N/A       75%         4
 Storm Form               Tmut/Air       Unusable   N/A       N/A         7

Dungeon Overview and Level Annotations

Branches:
Dungeon (7/15)             Temple (1/1) D:4

Altars:
Ashenzari
Dithmenos
Fedhas
Gozag
Hepliaklqana
Kikubaaqudgha
Makhleb
Nemelex Xobeh
Okawaru
Ru
Sif Muna
Trog
Uskayaw
Vehumet
Wu Jian
Yredelemnul

Shops:
D:5 ?   D:7 ?


Innate Abilities, Weirdness & Mutations

You are immune to poison.
Your flesh is cold resistant. (rC+)
You are immune to negative energy. (rN+++)
You are immune to unholy pain and torment.
You are vulnerable to heat. (rF-)
You are in touch with the powers of death.
You do not drink.
You have a special connection with the divine. (Faith)


Message History

A guardian golem appears, shielding your allies.
A wight comes into view. It is wielding a +0 flail.
Your cerulean imp hits the wight from afar with a -2 spear.
Your hound barely misses the wight.
Your cerulean imp hits the wight but does no damage.
Your hound bites the wight but does no damage.
You barely miss the wight.
The wight is lightly damaged.
The wight closely misses you.
Your hound barely misses the wight.
Your cerulean imp barely misses the wight.
You hit the wight.
Your weapon exudes an aura of protection.
The wight is moderately damaged.
Your hound closely misses the wight.
The wight hits you but does no damage.
Your cerulean imp hits the wight but does no damage.
Your hound barely misses the wight.
You hit the wight but do no damage.
The wight is moderately damaged.
The wight hits you with a +0 great sword!
Your hound bites the wight but does no damage.
Your cerulean imp closely misses the wight.
You are too injured to fight recklessly!
You are too injured to fight recklessly!
You barely miss the wight.
The wight is moderately damaged.
Your hound closely misses the wight.
The wight barely misses your hound. The wight hits you but does no damage.
Your cerulean imp hits the wight with a -2 spear.
Your hound bites the wight.
You hit the wight.
The wight is almost destroyed.
The wight hits your hound with a +0 rapier.
The wight hits you but does no damage.
The wight hits your hound with a +0 flail!
Your hound bites the wight.
Your cerulean imp hits the wight with a -2 spear.
The wight is destroyed!
Kikubaaqudgha accepts your kill.
Your hound closely misses the wight.
The wight hits your hound with a +0 flail!
Your cerulean imp closely misses the wight.
Your hound barely misses the wight.
You hit the wight.
The wight is lightly damaged.
The wight misses your hound. The wight hits you but does no damage.
Your hound closely misses the wight.
Your cerulean imp barely misses the wight.
You hit the wight.
The wight is moderately damaged.
Your hound closely misses the wight.
The wight hits you but does no damage. The wight closely misses your hound.
Your cerulean imp barely misses the wight.
Your hound bites the wight but does no damage.
You hit the wight.
The wight is heavily damaged.
The wight completely misses your hound. The wight hits you but does no damage.
Your hound bites the wight.
Your cerulean imp closely misses the wight.
You hit the wight.
The wight is severely damaged.
Your hound barely misses the wight.
The wight hits you with a +0 rapier. The wight barely misses your hound.
Your cerulean imp hits the wight but does no damage.
Your hound bites the wight.
You hit the wight but do no damage.
The wight is severely damaged.
The wight misses your hound. The wight hits you with a +0 rapier.
Your hound bites the wight.
Your cerulean imp closely misses the wight.
You hit the wight.
The wight is almost destroyed.
Your hound barely misses the wight.
The wight hits you with a +0 rapier.
The wight hits your guardian golem with a +0 flail.
Your cerulean imp barely misses the wight.
Your hound bites the wight but does no damage.
You hit the wight.
The wight is almost destroyed.
The wight hits your guardian golem with a +0 flail!
The wight hits you but does no damage.
Your hound barely misses the wight.
Your cerulean imp hits the wight but does no damage.
Your guardian golem overheats!
You completely miss the wight.
The wight is almost destroyed.
Your hound barely misses the wight.
The wight hits you with a +0 rapier.
The wight hits your guardian golem with a +0 flail!
Your guardian golem disappears in a puff of smoke!
Your guardian golem explodes!
The fiery explosion engulfs the wight!!
The wight is destroyed!
Kikubaaqudgha accepts your kill.
The fiery explosion engulfs your cerulean imp!!
Your cerulean imp dies!
Your cerulean imp disappears in a puff of smoke!
The fiery explosion engulfs the wight!!
The wight is destroyed!
Kikubaaqudgha accepts your kill. The fiery explosion engulfs you!!!
The fire burns you terribly!
Ouch! That really hurt!
You die...
Kikubaaqudgha rasps: "You have failed me!
Welcome... oblivion!"

..# #.# #.#
##5####.#
z.....5.# ###.#
####### #####...#
#8§§.8#
#.....#.###§§§..#
#.......#8.§§@..#
#####.#.....h...#
......8...∩...8#
####.#........##
#.#..>...8.#
#.#......#.#
#8...8...#
......###.#
###.##.. .#


You could see a friendly hound (summoned, sheltered).

Vanquished Creatures
  A water moccasin (D:4)
  2 sky beasts (D:6)
  An ogre (D:5)
  2 lemures (D:6)
  A bullfrog (D:6)
  A wight (D:6)
  4 hounds
  Jessica (D:2)
  2 iguanas (D:5)
  An orc wizard (D:6)
  3 adders
  A shadow imp (D:6)
  A white imp (D:6)
  2 ufetubi (D:6)
  2 worms
  2 dart slugs
  10 orcs
  3 endoplasms
  4 goblins
  2 hobgoblins (D:2)
  2 jackals (D:3)
  3 kobolds
  3 quokkas
  4 bats
  A rat (D:1)
59 creatures vanquished.

Vanquished Creatures (collateral kills)
  Menkaure (D:4)
  A water moccasin (D:5)
  A black bear (D:6)
  3 ogres
  A scorpion (D:6)
  5 wights
  2 hounds
  2 jellies
  An orc priest (D:4)
  A sleepcap (D:5)
  4 iguanas (D:6)
  An orc wizard (D:4)
  8 adders
  A gnoll (D:6)
  12 orcs
  4 bats
  3 endoplasms
  A giant cockroach (D:3)
  6 goblins
  2 hobgoblins
  5 jackals (D:3)
  2 kobolds (D:2)
  4 quokkas
  5 ball pythons
  2 frilled lizards
  7 rats
85 creatures vanquished.

Vanquished Creatures (others)
  An orc warrior (D:6)
  2 wights (D:7)
  Crazy Yiuf (D:2)
4 creatures vanquished.

Grand Total: 148 creatures vanquished

Notes
Turn   | Place    | Note
-------+----------+-------------------------------------------
     0 | D:1      | browni3141 the Mummy Summoner began the quest for the Orb.
     0 | D:1      | Reached XP level 1. HP: 13/13 MP: 4/4
   174 | D:1      | Reached skill level 3 in Spellcasting
   398 | D:1      | Reached XP level 2. HP: 14/19 MP: 1/6
   453 | D:1      | Learned a level 2 spell: Call Imp
  1146 | D:2      | Gained mutation: You are in touch with the powers of death.
                  | [Mummy growth]
  1146 | D:2      | Reached XP level 3. HP: 6/24 MP: 5/8
  1150 | D:2      | Learned a level 3 spell: Call Canine Familiar
  1154 | D:2      | Learned a level 3 spell: Summon Guardian Golem
  1611 | D:2      | Noticed Jessica
  1617 | D:2      | Killed Jessica
  1618 | D:2      | Reached XP level 4. HP: 26/30 MP: 6/10
  1886 | D:2      | Found a runed translucent door.
  1887 | D:2      | Noticed Crazy Yiuf
  2210 | D:2      | Killed Crazy Yiuf
  2361 | D:3      | Reached XP level 5. HP: 20/35 MP: 11/13
  2545 | D:3      | Found a hide-covered altar of Uskayaw.
  2754 | D:3      | Found a shadowy altar of Dithmenos.
  3121 | D:3      | Found a faded altar of an unknown god.
  3204 | D:4      | Reached skill level 6 in Spellcasting
  3464 | D:4      | Reached XP level 6. HP: 37/41 MP: 12/15
  3528 | D:4      | Noticed Menkaure
  3545 | D:4      | Killed Menkaure
  3766 | D:4      | Found a staircase to the Ecumenical Temple.
  3790 | Temple   | Entered the Ecumenical Temple
  4216 | Temple   | Became a worshipper of Kikubaaqudgha
  4495 | D:4      | Reached skill level 3 in Fighting
  4723 | D:5      | Entered Level 5 of the Dungeon
  4744 | D:5      | Noticed a water moccasin
  4746 | D:5      | Noticed a water moccasin
  4944 | D:4      | Killed a water moccasin
  4945 | D:4      | Reached XP level 7. HP: 37/52 MP: 11/16
  5025 | D:5      | Found Xybuk's Magic Scroll Shop.
  5045 | D:5      | Bought a scroll of blinking for 105 gold pieces
  5045 | D:5      | Bought a scroll of summoning for 133 gold pieces
  5045 | D:5      | Bought a scroll of identify for 28 gold pieces
  5102 | D:5      | Reached skill level 3 in Necromancy
  5267 | D:5      | Reached * piety under Kikubaaqudgha
  5267 | D:5      | Received a gift from Kikubaaqudgha
  5278 | D:5      | Learned a level 3 spell: Vampiric Draining
  5284 | D:5      | Learned a level 4 spell: Animate Dead
  5445 | D:5      | Found a blossoming altar of Fedhas.
  5452 | D:5      | Found a bloodstained altar of Trog.
  5489 | D:5      | Found a broken altar of Ashenzari.
  5520 | D:5      | Reached skill level 6 in Necromancy
  5520 | D:5      | Reached XP level 8. HP: 56/58 MP: 16/18
  5883 | D:5      | Bought a scroll of teleportation for 42 gold pieces
  6323 | D:6      | Reached ** piety under Kikubaaqudgha
  6428 | D:6      | Found a sacrificial altar of Ru.
  6579 | D:6      | Learned a level 4 spell: Summon Lightning Spire
  6739 | D:6      | Reached XP level 9. HP: 25/65 MP: 13/21
  7439 | D:7      | Found Narech's Magic Scroll Emporium.
  7445 | D:7      | Bought a scroll of magic mapping for 105 gold pieces
  7486 | D:6      | Learned a level 2 spell: Blink
  7539 | D:7      | Killed by an exploding themself... ignited by their inner
                  | flame

Illustrated notes

Levels and vault maps discovered:
D:1:      dpeg_arrival_stone_temple_mockup, layout_loops_corners
D:2:      layout_basic, minmay_pentomino_s2, uniq_jessica,
          uniq_crazy_yiuf_cottage
D:3:      layout_loops_ring, lemuel_round_altar, nicolae_uskayaw_dance_hall,
          nicolae_tso_carved_into_rock, hellmonk_ecumenical_altar_run_dry,
          nrook_mini_vaults
D:4:      layout_loops_ring, minmay_temple_entry_statues, uniq_menkaure
D:5:      layout_cave_pools, mainiacjoe_overflow_large_starburst,
          lemuel_round_altar, serial_shops, nicolae_shop_window_shopping
D:6:      layout_cave_pods, mainiacjoe_overflow_cross_hatched,
          minmay_fractal_squares_diagonal_5
D:7:      layout_basic, kennysheep_mini, nicolae_stop_n_shop_1,
          kennysheep_generic_room_4, uniq_duvessa, uniq_pikel
Temple:   minmay_temple_forest_path

Skill      XL: |  1  2  3  4  5  6  7  8  9 |
---------------+----------------------------+-----
Spellcasting   | 3 4 5 6 8 |  8.2
Summonings     | 4 |  4.4
Fighting       | 3 4 |  4.0
Necromancy     | 2 6 8 |  8.3
Evocations     | 1 |  1.9
Dodging        | |  1.5
Stealth        | |  1.5

Action                     |  1- 3 |  4- 6 |  7- 9 || total
---------------------------+-------+-------+-------++-------
  Melee: Whip              |    59 |   128 |       ||   187
         Punch             |       |     2 |       ||     2
         Short sword       |       |    14 |   227 ||   241
   Cast: Summon Small Mamm |    12 |       |       ||    12
         Call Imp          |    18 |    29 |    19 ||    66
         Call Canine Famil |       |    14 |    19 ||    33
         Summon Guardian G |       |     1 |     3 ||     4
    Use: Scroll            |       |       |     5 ||     5
   Stab: Sleeping          |     2 |     1 |       ||     3
         Distracted        |       |     3 |     1 ||     4
 Armour: Robe              |    12 |    34 |       ||    46
         Leather armour    |       |    17 |   122 ||   139
  Dodge: Dodged            |    38 |   110 |   152 ||   300
